 Dungeon Crawl Stone Soup version 0.29.1-4-g47bece8355 (webtiles) character file.

Game seed: 15647352756762549406

1484 Anriel the Cudgeller (level 8, -9/49 HPs)
             Began as a Gargoyle Fighter on Dec 8, 2022.
             Mangled by an ogre
             ... wielding a +0 giant club
              (23 damage)
             ... on level 6 of the Dungeon.
             The game lasted 00:32:43 (6177 turns).

Anriel the Cudgeller (Gargoyle Fighter)             Turns: 6177, Time: 00:32:43

Health: -9/49      AC: 20    Str: 22    XL:     8   Next: 79%
Magic:  8/8        EV:  6    Int:  9    God:
Gold:   20         SH:  5    Dex:  9    Spells: 7/7 levels left

rFire   . . .      SeeInvis .   s - +3 flail
rCold   . . .      Faith    .   c - +0 buckler
rNeg    + . .      Spirit   .   j - +1 plate armour
rPois   ∞          Reflect  .   (no helmet)
rElec   +          Harm     .   (no cloak)
rCorr   .          Rampage  .   (no gloves)
Will    .....                   p - +0 pair of boots
Stlth   ..........              (no amulet)
HPRegen 0.16/turn               (no ring)
MPRegen 0.11/turn               (no ring)

@: no status effects
A: sickness immunity, AC +5, negative energy resistance 1, electricity
resistance, torment resistance 1, petrification resistance
a: no special abilities


You were on level 6 of the Dungeon.
You visited 1 branch of the dungeon, and saw 6 of its levels.

You collected 366 gold pieces.
You spent 346 gold pieces at shops.

Inventory:

Hand Weapons
 a - a +0 flail of venom
 s - a +3 flail (weapon)
Armour
 c - a +0 buckler (worn)
 f - the +1 chain mail "Tikhlod" {rN+}
   (You bought it in a shop on level 4 of the Dungeon)

   rN:        It protects you from negative energy.
 j - a +1 plate armour (worn)
 p - a +0 pair of boots (worn)
Jewellery
 b - a ring of ice
 h - a ring of flight
Scrolls
 g - a scroll of fear
 k - 2 scrolls of immolation
 m - 2 scrolls of butterflies
 o - a scroll of teleportation
Potions
 d - 3 potions of lignification
 e - a potion of attraction
 i - a potion of berserk rage
 l - a potion of haste {unknown}
 q - 4 potions of heal wounds
 r - a potion of curing


   Skills:
 - Level 5.0 Fighting
 + Level 7.7 Maces & Flails
 + Level 6.2 Armour
 - Level 6.0 Shields


You had 7 spell levels left.
You didn't know any spells.
Your spell library contained the following spells:

 Spells                   Type           Power      Damage    Failure   Level
 Sandblast                Erth           0%         2d4       100%        1
 Passwall                 Tmut/Erth      0%         N/A       100%        2
 Wereblood                Tmut           0%         N/A       100%        2
 Frozen Ramparts          Ice            0%         1d1       100%        3
 Stone Arrow              Conj/Erth      0%         3d7       100%        3
 Ice Form                 Ice/Tmut       0%         N/A       100%        4
 Summon Ice Beast         Ice/Summ       0%         N/A       100%        4
 Summon Hydra             Summ           0%         N/A       100%        7
 Sublimation of Blood     Necr           Unusable   N/A       N/A         2

Dungeon Overview and Level Annotations

Branches:
Dungeon (6/15)
 Temple: D:4-7

Altars:
The Shining One

Shops:
D:2 ?   D:4 ![!!


Innate Abilities, Weirdness & Mutations

You are immune to sickness and miasma.
Your stone body is resilient. (AC +5)
You are immune to poison.
You resist negative energy. (rN+)
You are resistant to electric shocks. (rElec)
You are resistant to unholy torment.
You are immune to petrification.


Message History

You thump the centaur!
The centaur is almost dead.
The centaur hits you but does no damage.
You block the centaur's attack. The centaur closely misses you.
The centaur kicks you but does no damage.
You sock the centaur!
You kill the centaur!
Things that are here:
a +0 shortbow; a centaur corpse You open the door.
Found a scroll of fear.
g - a scroll of fear You see here a +0 club.
You open the door.
Found a potion of berserk rage.
There is an open door here.
i - a potion of berserk rage You open the door.
There is an open door here.
There is a stone staircase leading down here.
There is an open door here.
You open the door.
There is an open door here.
Found a hand axe.
You see here a +0 hand axe.
Found an escape hatch in the floor.
Found 5 poisoned darts.
An ogre comes into view. It is wielding a +0 giant club.
The ogre shouts!
The ogre hits you with a +0 giant club!
You sock the ogre!
The ogre is heavily wounded.
You barely miss the ogre.
The ogre is heavily wounded.
The ogre hits you with a +0 giant club!!
* * * LOW HITPOINT WARNING * * *
You barely miss the ogre.
The ogre is heavily wounded.
The ogre hits you with a +0 giant club!!
You die...

##.#.........#.#
#.###########.# #.#
####.### ##'## #......#
#...## #.##.#.# .....##
#....#.# ......##
#..###.#
.......####...##O######.
.......+........@..>....
.......####......######.
......## ##.#####
.....## ###.# #...##
#(..# ##'## #.### #.#
#.# #.# #.# ##.#######.#


You could see an ogre.

Vanquished Creatures
  Sigmund (D:5)
  A water moccasin (D:5)
  2 ogres
  A black bear (D:4)
  A centaur (D:6)
  3 jellies (D:4)
  3 hounds
  2 orc priests (D:4)
  3 gnoll boudas
  Terence (D:3)
  Jessica (D:3)
  4 iguanas
  An orc wizard (D:4)
  8 adders
  19 gnolls
  An ufetubus (D:5)
  2 worms (D:2)
  3 dart slugs
  10 orcs
  9 ball pythons
  A bat (D:1)
  11 endoplasms
  5 giant cockroaches
  5 goblins
  8 hobgoblins
  7 jackals
  9 quokkas
  6 frilled lizards
  9 kobolds
  3 rats
140 creatures vanquished.

Notes
Turn   | Place    | Note
-------+----------+-------------------------------------------
     0 | D:1      | Anriel the Gargoyle Fighter began the quest for the Orb.
     0 | D:1      | Reached XP level 1. HP: 14/14 MP: 1/1
   295 | D:1      | Reached XP level 2. HP: 10/19 MP: 2/2
   623 | D:1      | Reached XP level 3. HP: 21/24 MP: 3/3
   864 | D:1      | Found a faded altar of an unknown god.
   936 | D:2      | Found Tuconoups's Magic Scroll Shoppe.
   950 | D:2      | Bought a scroll of identify for 22 gold pieces
   950 | D:2      | Bought a scroll of identify for 22 gold pieces
  1007 | D:2      | Reached skill level 3 in Maces & Flails
  1018 | D:2      | Reached XP level 4. HP: 5/30 MP: 4/4
  1768 | D:2      | Reached XP level 5. HP: 28/34 MP: 5/5
  1936 | D:2      | Reached skill level 5 in Fighting
  2409 | D:3      | Reached skill level 4 in Maces & Flails
  2463 | D:3      | Noticed Jessica
  2471 | D:3      | Killed Jessica
  2516 | D:3      | Found a glowing golden altar of the Shining One.
  2516 | D:3      | Noticed Terence
  2526 | D:3      | Killed Terence
  2976 | D:4      | Noticed an ogre
  2976 | D:4      | Noticed a black bear
  2983 | D:4      | Killed an ogre
  2984 | D:4      | Reached XP level 6. HP: 40/40 MP: 6/6
  2985 | D:4      | Killed a black bear
  2986 | D:4      | Reached skill level 5 in Maces & Flails
  3253 | D:4      | Reached skill level 5 in Armour
  3305 | D:4      | Reached XP level 7. HP: 44/44 MP: 7/7
  3748 | D:4      | Found Nuovuism's Distillery.
  3748 | D:4      | Found Fuleggibba's Distillery.
  3748 | D:4      | Found Viaheseel's Antique Armour Shop.
  3749 | D:4      | Found Renirina's Distillery.
  3811 | D:4      | Reached skill level 6 in Maces & Flails
  4737 | D:5      | Entered Level 5 of the Dungeon
  4750 | D:5      | Reached skill level 5 in Shields
  4750 | D:5      | Reached XP level 8. HP: 20/49 MP: 8/8
  5233 | D:5      | Reached skill level 7 in Maces & Flails
  5501 | D:5      | Noticed Sigmund
  5508 | D:5      | Killed Sigmund
  5787 | D:4      | Bought a masterwork chain mail for 247 gold pieces
  5787 | D:4      | Identified the +1 chain mail "Tikhlod" {rN+} (You bought it
                  | in a shop on level 4 of the Dungeon)
  5790 | D:4      | Bought a potion of heal wounds for 55 gold pieces
  6177 | D:6      | Mangled by an ogre

Illustrated notes

Levels and vault maps discovered:
D:1:      dpeg_arrival_water_temple_mockup, layout_rooms, basic_ecumenical_altar
D:2:      layout_basic, serial_shops, nicolae_shop_statue_plus,
          kennysheep_cross_room
D:3:      layout_loops_ring, nicolae_tso_swordbearing_angel, uniq_jessica,
          uniq_terence
D:4:      layout_layer_cave, minmay_shop_grid_forest, minmay_starry_boxes
D:5:      layout_loops_ring, uniq_sigmund
D:6:      layout_loops_corners, mainiacjoe_overflow_chevrons, temple_green

Skill      XL: |  1  2  3  4  5  6  7  8 |
---------------+-------------------------+-----
Fighting       | 4 5 |  5.0
Maces & Flails | 3 4 5 6 7 |  7.7
Armour         | 4 5 6 |  6.2
Shields        | 5 6 |  6.0

Action                   |  1- 3 |  4- 6 |  7- 9 || total
-------------------------+-------+-------+-------++-------
Melee: Flail             |    86 |   181 |   218 ||   485
  Use: Scroll            |     6 |     6 |     4 ||    16
       Potion            |     2 |     1 |     6 ||     9
 Stab: Invisible         |     1 |       |     1 ||     2
Armor: Scale mail        |    56 |    10 |       ||    66
       Plate armour      |       |    90 |   160 ||   250
Dodge: Dodged            |    34 |    48 |    71 ||   153
Block: Buckler           |    18 |    36 |    52 ||   106
